 Dungeon Crawl Stone Soup version 0.28.0-49-g6dfe1f597d (webtiles) character file.

Game seed: 17954259858035978708

16 Exodus22XD the Ducker (level 2, 14/22 HPs)
             Began as a Demonspawn Gladiator on May 19, 2022.
             Quit the game on level 1 of the Dungeon.
             The game lasted 00:00:23 (442 turns).

Exodus22XD the Ducker (Demonspawn Gladiator)         Turns: 442, Time: 00:00:23

Health: 14/22      AC:  4    Str: 14    XL:     2   Next: 37%
Magic:  2/2        EV: 12    Int:  9    God:
Gold:   6          SH:  0    Dex: 14    Spells: 1/1 levels left

rFire   . . .      SeeInvis .   a - +0 trident
rCold   . . .      Faith    .   (no shield)
rNeg    . . .      Spirit   .   b - +0 leather armour
rPois   .          Reflect  .   c - +0 helmet
rElec   .          Harm     .   (no cloak)
rCorr   .          Rampage  .   (no gloves)
Will    .....                   (no boots)
Stlth   +.........              (no amulet)
HPRegen 0.07/turn               (no ring)
MPRegen 0.08/turn               (no ring)

@: no status effects
A: demonic touch 1
a: no special abilities


You were on level 1 of the Dungeon.
You visited 1 branch of the dungeon, and saw 1 of its levels.

You collected 6 gold pieces.

Inventory:

Hand Weapons
 a - a +0 trident (weapon)
Missiles
 d - 3 throwing nets (quivered)
Armour
 b - a +0 leather armour (worn)
 c - a +0 helmet (worn)
Scrolls
 f - a scroll of summoning {unknown}
Potions
 e - a potion of might {unknown}
 g - a potion of ambrosia {unknown}


   Skills:
 + Level 2.1 Fighting
 + Level 3.0 Polearms
 - Level 1.7 Throwing
 + Level 3.1 Dodging


You had one spell level left.
You didn't know any spells.
Your spell library was empty.

Dungeon Overview and Level Annotations

Branches:
Dungeon (1/15)

Altars:


Innate Abilities, Weirdness & Mutations

Your touch may inflict minor irresistible damage on your foes.


Message History

No target in view!
Key pressed, stopping explore.
No target in view!
Key pressed, stopping explore.
No target in view!
f - a scroll labelled BED MITU AJENK No target in view!
You see here a +0 club.
Things that are here:
a +0 club; a goblin skeleton No target in view!
g - a fuming grey potion No target in view! 2 goblins come into view.
Found 6 gold pieces.
The goblin shouts! x2; You hear a shout!
A goblin and a frilled lizard come into view.
The goblin shouts!
There are monsters nearby!
You closely miss the goblin. The goblin closely misses you.
There are monsters nearby!
You barely miss the goblin. The goblin barely misses you.
The goblin hits you with a +0 club.
There are monsters nearby!
You puncture the goblin!
You kill the goblin!
The goblin hits you with a +0 club.
There are monsters nearby!
You closely miss the goblin.
You touch the goblin.
You kill the goblin!
There are monsters nearby!
You miss the goblin. Your touch misses the goblin.
The frilled lizard misses you. The goblin hits you but does no damage.
There are monsters nearby!
You puncture the goblin!
You kill the goblin!
The frilled lizard closely misses you.
You puncture the frilled lizard!
You kill the frilled lizard!
Are you sure you want to abandon this character and quit the game? (Confirm with "yes".)

####.....####.##[.........
#..#...#..##.............
#.#.#.#.#.####.#.........
##..#.#..##..............
####.####...###.........
...#+#..#.### #.........
........#.# ##........
..........# ##.....#.
.......@### ########
.......))...#
.............#
..............#
#.#...........#
...#..........#
##..#.......$.#
##...........#


There were no monsters in sight!

Vanquished Creatures
  A ball python (D:1)
  An endoplasm (D:1)
  A giant cockroach (D:1)
  7 goblins (D:1)
  A quokka (D:1)
  2 frilled lizards (D:1)
13 creatures vanquished.

Notes
Turn   | Place    | Note
-------+----------+-------------------------------------------
     0 | D:1      | Exodus22XD the Demonspawn Gladiator began the quest for the
                  | Orb.
     0 | D:1      | Reached XP level 1. HP: 16/16 MP: 1/1
   104 | D:1      | Gained mutation: Your touch may inflict minor irresistible
                  | damage on your foes. [demonic ancestry]
   104 | D:1      | Reached XP level 2. HP: 6/22 MP: 2/2
   442 | D:1      | Quit the game

Illustrated notes

Levels and vault maps discovered:
D:1:      nzn_arrival_crosshair, layout_rooms, hellmonk_ecumenical_altar_run_dry

Skill      XL: |  1 |
---------------+----+-----
Dodging        | 3 |  3.1
Polearms       | 3 |  3.0
Fighting       | |  2.1
Throwing       | |  1.7

Action                   || total
-------------------------++-------
Melee: Trident           ||    35
       Touch             ||     2
       Punch             ||     1
Armor: Leather armour    ||    10
Dodge: Dodged            ||    16
